 Dungeon Crawl Stone Soup version 0.31-a0-523-g071a6c1ffa (webtiles) character file.

Game seed: 14937680307399188873

1730 IdlyInterested the Trooper (level 8, -2/63 (64) HPs)
             Began as a Demonspawn Shapeshifter on Aug 11, 2023.
             Slain by a +2 flail of chaos (8 damage)
             ... on level 6 of the Dungeon.
             The game lasted 00:19:41 (5649 turns).

IdlyInterested the Trooper (DsSh)                   Turns: 5649, Time: 00:19:41

HP:   -2/63 (64)    AC:  9    Str: 17    XL:     8   Next: 76%
MP:   8/8           EV: 11    Int: 10    God:
Gold: 506           SH:  0    Dex: 20    Spells: 7/7 levels left

rFire   . .          .
                       - Unarmed
rCold   . . .        (no shield)
rNeg    . . .        o - +0 scale mail
rPois   .            (helmet currently unavailable)
rElec   .            u - melded +0 cloak
rCorr   +            (gloves currently unavailable)
SInv    .            (boots currently unavailable)
Will    .....        (no amulet)
Stlth   +            m - +6 ring of dexterity
HPRegen 0.30/turn    G - ring of resist corrosion
MPRegen 0.11/turn

%: no passive effects
@: mighty, beast-form, hasted, lightly drained, very quick
A: beast (slay +3), claws 1, yellow scales 2, foul stench 1
a: Begin Untransformation


You were on level 6 of the Dungeon.
You were a hulking beast.
You visited 2 branches of the dungeon, and saw 7 of its levels.
You also visited: Sewer.

You collected 506 gold pieces.

Inventory:

Hand Weapons
 f - a +0 short sword
 h - a +0 spear
 y - a +4 mace
Missiles
 g - 55 stones
 q - 2 throwing nets
 t - 8 poisoned darts (quivered)
 z - 6 javelins
Armour
 o - a +0 scale mail (worn)
 u - a +0 cloak (melded)
 A - the +0 ring mail of Xyicex {+Blink Int+3}
   (You found it on level 4 of the Dungeon)

   Int+3:     It affects your intelligence (+3).
   +Blink:    It lets you blink.
Magical Staves
 B - a staff of air
Jewellery
 m - a +6 ring of dexterity (left claw)
 G - a ring of resist corrosion (right claw)
Talismans
 c - a beast talisman (active)
 d - a flux talisman
 D - a serpent talisman
Wands
 x - a wand of flame (22)
Scrolls
 i - 6 scrolls of teleportation
 l - 2 scrolls of fear
 n - a scroll of amnesia {unknown}
 r - a scroll of fog
 v - a scroll of butterflies {unknown}
 F - a scroll of silence {unknown}
Potions
 a - a potion of brilliance
 b - a potion of lignification
 e - a potion of curing
 j - a potion of heal wounds
 k - a potion of enlightenment
 p - a potion of resistance
 s - a potion of invisibility
 w - a potion of cancellation
 C - a potion of magic


   Skills:
 + Level 6.3 Fighting
 - Level 1.0 Throwing
 + Level 3.0 Armour
 - Level 3.0 Dodging
 - Level 1.0 Stealth
 + Level 4.5 Unarmed Combat
 - Level 2.0 Evocations
 * Level 5.6 Shapeshifting


You had 7 spell levels left.
You didn't know any spells.
Your spell library contained the following spells:

 Spells                   Type           Power      Damage    Failure   Level
 Necrotise                Necr           0%         1d4       77%         1
 Poisonous Vapours        Pois/Air       0%         N/A       88%         2
 Mephitic Cloud           Conj/Pois/Air  0%         N/A       98%         3
 Vampiric Draining        Necr           0%         2d6       98%         3
 Agony                    Necr           0%         N/A       100%        5
 Freezing Cloud           Conj/Ice/Air   0%         6-21      100%        5


Dungeon Overview and Level Annotations

Branches:
Dungeon (6/15)             Temple (1/1) D:5           Sewer (visited)

Altars:
Ashenzari
Cheibriados
Dithmenos
Fedhas
Gozag
Hepliaklqana
Kikubaaqudgha
Makhleb
Nemelex Xobeh
Okawaru
Qazlal
Sif Muna
Trog
Vehumet
Wu Jian
Xom


Innate Abilities, Weirdness & Mutations

You are a hulking beast.
Your limbs bulge with bestial killing power. (Slay +3)
You have sharp fingernails.
You are mostly covered in yellow scales. (AC +3)
You may rarely emit foul miasma when damaged in melee.


Message History

GoodGuyCap's ghost barely misses you.
You claw GoodGuyCap's ghost!
GoodGuyCap's ghost is heavily damaged.
GoodGuyCap's ghost barely misses you.
You barely miss GoodGuyCap's ghost.
GoodGuyCap's ghost is heavily damaged.
GoodGuyCap's ghost closely misses you.
You claw GoodGuyCap's ghost!
GoodGuyCap's ghost is severely damaged.
GoodGuyCap's ghost barely misses you.
You claw GoodGuyCap's ghost!
GoodGuyCap's ghost is almost destroyed.
GoodGuyCap's ghost hits you.
You feel drained.
You claw GoodGuyCap's ghost!
You destroy GoodGuyCap's ghost!
Your life force feels restored.
Your Fighting skill increases to level 6!
Your Unarmed Combat skill increases to level 4!
Your Shapeshifting skill increases to level 5!
You claw the +2 flail of chaos!
The +2 flail of chaos is moderately damaged.
The +2 flail of chaos closely misses you. x2
You barely miss the +2 flail of chaos.
The +2 flail of chaos is moderately damaged.
The +2 flail of chaos hits you!!
You feel yourself speed up.
You scratch the +2 flail of chaos but do no damage.
The +2 flail of chaos is moderately damaged.
The +2 flail of chaos hits you.
You feel drained.
You barely miss the +2 flail of chaos.
The +2 flail of chaos is moderately damaged.
The +2 flail of chaos completely misses you.
You claw the +2 flail of chaos!
The +2 flail of chaos is severely damaged.
The +2 flail of chaos hits you!!
* * * LOW HITPOINT WARNING * * *
The +2 flail of chaos draws strength from your wounds!
You claw the +2 flail of chaos! x2
The +2 flail of chaos is severely damaged.
The +2 flail of chaos hits you!
You die...

### . ...####### ..
#....##.## #. #....#._.#
#. #....##(### . .
#.......h.## .
.###.........)# #
.§§..[....##.### .
#§.########)))# # ##§###
###.# #
#§§§########........ #
###§§§.....!##...........
#########. ........... .#
..........


You could see a +2 flail of chaos.

Vanquished Creatures
  The ghost of GoodGuyCap the Sneak, a novice OpSh (D:6)
  A water moccasin (D:5)
  A centaur (D:5)
  2 phantoms
  2 bullfrogs (Sewer)
  3 scorpions
  A gnoll bouda (D:6)
  2 hounds (D:5)
  3 orc priests
  2 iguanas
  An orc wizard (D:4)
  3 gnolls (D:6)
  16 adders
  4 river rats (Sewer)
  An ufetubus (D:5)
  3 worms
  4 dart slugs
  8 orcs
  3 bats
  4 endoplasms
  3 giant cockroaches
  10 goblins
  7 hobgoblins
  3 quokkas
  23 ball pythons
  3 frilled lizards
  13 kobolds
  34 rats
161 creatures vanquished.

Notes
Turn   | Place    | Note
-------+----------+-------------------------------------------
     0 | D:1      | IdlyInterested the Demonspawn Shapeshifter began the quest
                  | for the Orb.
     0 | D:1      | Reached XP level 1. HP: 15/15 MP: 1/1
    95 | D:1      | Gained mutation: You are partially covered in yellow
                  | scales. (AC +2) [demonic ancestry]
    95 | D:1      | Reached XP level 2. HP: 19/21 MP: 2/2
   405 | D:1      | Reached skill level 2 in Fighting
   440 | D:1      | Reached XP level 3. HP: 27/27 MP: 3/3
  1094 | D:2      | Reached skill level 1 in Armour
  1351 | D:2      | Gained mutation: You are mostly covered in yellow scales.
                  | (AC +3) [demonic ancestry]
  1351 | D:2      | Reached XP level 4. HP: 34/34 MP: 4/4
  1355 | D:2      | Found a faded altar of an unknown god.
  1986 | D:3      | Found a sparkling altar of Nemelex Xobeh.
  2241 | D:3      | Reached skill level 3 in Fighting
  2250 | D:3      | Noticed a scorpion
  2257 | D:3      | Killed a scorpion
  2258 | D:3      | Reached XP level 5. HP: 41/41 MP: 5/5
  2719 | D:4      | Identified the +0 ring mail of Xyicex {+Blink Int+3}
  2796 | D:4      | Reached skill level 1 in Stealth
  2979 | D:4      | Reached skill level 4 in Fighting
  2979 | D:4      | Reached skill level 1 in Evocations
  2979 | D:4      | Reached XP level 6. HP: 44/48 MP: 6/6
  3142 | D:4      | Found an ornate altar of the Wu Jian Council.
  3269 | D:4      | Found a hazy altar of Hepliaklqana.
  3470 | D:4      | Reached skill level 1 in Throwing
  3758 | D:5      | Entered Level 5 of the Dungeon
  3829 | D:5      | Found a glowing drain.
  3860 | Sewer    | Entered a sewer
  4085 | Sewer    | Reached skill level 5 in Fighting
  4141 | Sewer    | Gained mutation: You have sharp fingernails. [demonic
                  | ancestry]
  4141 | Sewer    | Reached XP level 7. HP: 33/56 MP: 7/7
  4695 | D:5      | Found a staircase to the Ecumenical Temple.
  4719 | D:5      | HP: 1/56 [water moccasin (7)]
  4722 | D:5      | Gained mutation: You may rarely emit foul miasma when
                  | damaged in melee. [demonic ancestry]
  4722 | D:5      | Reached XP level 8. HP: 8/63 MP: 8/8
  4731 | Temple   | Entered the Ecumenical Temple
  5423 | D:6      | Found a shimmering blue altar of Sif Muna.
  5591 | D:6      | Found a runed translucent door.
  5591 | D:6      | Found a shimmering altar of Xom.
  5591 | D:6      | Noticed GoodGuyCap's ghost (novice OpSh)
  5593 | D:6      | Noticed a +2 flail of chaos
  5643 | D:6      | Killed GoodGuyCap's ghost
  5644 | D:6      | Reached skill level 6 in Fighting
  5644 | D:6      | Reached skill level 5 in Shapeshifting
  5649 | D:6      | Slain by a +2 flail of chaos

Illustrated notes

Levels and vault maps discovered:
D:1:      lemuel_arrival_behind_the_door_small, layout_loops_ring,
          minmay_misc_feat_doors
D:2:      layout_basic, ebering_ecumenical_altar_abandoned
D:3:      corexii_shack_village, layout_basic, nemelex_xobeh_ov_fountains_minmay
D:4:      layout_cave_pools, amcnicky_altar_gilded, overflow_temple_1_default,
          kennysheep_orc_chapel
D:5:      layout_basic, minmay_temple_entry_wispy, cheibrodos_sewer_entry_bend
D:6:      layout_rooms, mainiacjoe_overflow_catwalk_spiral, ebering_ghost_xom
Temple:   nicolae_temple_ecumenical_triangle

Skill      XL: |  1  2  3  4  5  6  7  8 |
---------------+-------------------------+-----
Dodging        | 2 3 |  3.0
Unarmed Combat | 3 4 |  4.5
Fighting       | 2 3 4 5 6 |  6.3
Armour         | 1 2 3 |  3.0
Shapeshifting  | 3 4 5 |  5.6
Stealth        | 1 |  1.0
Evocations     | 1 2 |  2.0
Throwing       | 1 |  1.0

Action                     |  1- 3 |  4- 6 |  7- 9 || total
---------------------------+-------+-------+-------++-------
  Melee: Unarmed           |   100 |   275 |   119 ||   494
         Punch             |     2 |     9 |     3 ||    14
  Throw: Dart              |       |    12 |     5 ||    17
         Stone             |       |     1 |       ||     1
Ability: Begin Untransform |     1 |     2 |     1 ||     4
  Evoke: Wand              |       |     2 |     7 ||     9
    Use: Scroll            |     1 |     5 |     5 ||    11
         Potion            |       |     7 |     4 ||    11
 Armour: Animal skin       |     3 |       |       ||     3
         Ring mail         |    26 |       |       ||    26
         Scale mail        |     5 |   143 |    41 ||   189
  Dodge: Dodged            |    49 |   149 |    75 ||   273
   Form: Beast             |     1 |     2 |     1 ||     4

Table legend: (Time is in decaauts)
 A = Elapsed time spent in this place.
 B = Non-inter-level travel time spent in this place.
 C = Inter-level travel time spent in this place.
 D = Time resting spent in this place.
 E = Time spent auto-exploring this place.
 F = Levels seen in this place.
 G = Mean time per level.
                   A        B        C        D        E       F      G
               +--------+--------+--------+--------+--------+-----+--------+
         Total |   5674 |   4974 |    700 |    935 |   2500 |   8 |  709.2 |
       Dungeon |   4797 |   4114 |    683 |    502 |   2399 |   6 |  799.5 |
        Temple |    201 |    184 |     17 |    174 |      0 |   1 |  201.0 |
         Sewer |    674 |    674 |      0 |    259 |    101 |   1 |  674.0 |
               +--------+--------+--------+--------+--------+-----+--------+

Top non-repeatable levels by time:
     D:4: 1029 daAuts
     D:1: 1029 daAuts
     D:5: 952 daAuts
     D:2: 901 daAuts
     D:3: 767 daAuts
   Sewer: 674 daAuts
  Temple: 201 daAuts
     D:6: 117 daAuts
